 Dungeon Crawl Stone Soup version 0.31-a0-267-g3fc6992b3b (webtiles) character file.

Game seed: 13345672023546188961

52 qw the Shooter (level 3, -5/21 HPs)
             Began as a Gargoyle Hexslinger on July 14, 2023.
             Slain by an iguana (7 damage)
             ... on level 3 of the Dungeon.
             The game lasted 00:00:36 (1453 turns).

qw the Shooter (Gargoyle Hexslinger)                Turns: 1453, Time: 00:00:36

Health: -5/21      AC:  7    Str: 11    XL:     3   Next: 85%
Magic:  4/4        EV: 12    Int: 10    God:
Gold:   102        SH:  0    Dex: 20    Spells: 3/4 levels left

rFire   + + .        Y - +1 sling
rCold   . . .        (no shield)
rNeg    + + .        i - +0 leather armour
rPois   inf          (no helmet)
rElec   +            (no cloak)
rCorr   .            f - +0 pair of gloves
SInv    .            (no boots)
Will    +....        e - amulet of the acrobat
Stlth   +            g - ring of Wiwiv {rF++ rN+ Will+ Int-3 Dex+6}
HPRegen 0.23/turn    (no ring)
MPRegen 0.09/turn

%: acrobat
@: no status effects
A: sickness immunity, AC +3, negative energy resistance 1, electricity
resistance, torment resistance 1, petrification resistance
a: no special abilities


You were on level 3 of the Dungeon.
You visited 1 branch of the dungeon, and saw 3 of its levels.

You collected 102 gold pieces.


Innate Abilities, Weirdness & Mutations

You are immune to sickness and miasma.
Your stone body is resilient. (AC +3)
You are immune to poison.
You resist negative energy. (rN+)
You are resistant to electric shocks. (rElec)
You are resistant to unholy torment.
You are immune to petrification.


   Skills:
 - Level 2.0 Fighting
 + Level 3.7 Ranged Weapons
 - Level 1.5 Dodging
 - Level 1.0 Spellcasting
 - Level 2.6 Hexes


You had 3 spell levels left.
You knew the following spells:

 Your Spells              Type           Power      Damage    Failure   Level
a - Slow                  Hex            20%        N/A       16%         1

Your spell library contained the following spells:

 Spells                   Type           Power      Damage    Failure   Level
 Inner Flame              Hex/Fire       3%         N/A       61%         3
 Portal Projectile        Hex/Tloc       6%         N/A       61%         3
 Cause Fear               Hex            2%         N/A       83%         4

Inventory:

Hand Weapons
 Y - a +1 sling (weapon)
Armour
 f - a +0 pair of gloves (worn)
 i - a +0 leather armour (worn)
Jewellery
 e - an amulet of the acrobat (around neck)
 g - the ring of Wiwiv (left hand) {rF++ rN+ Will+ Int-3 Dex+6}
   (You found it on level 2 of the Dungeon)

   [ring of dexterity]

   Int:       It affects your intelligence (-3).
   Dex:       It affects your dexterity (+6).
   rF:        It greatly protects you from fire.
   rN:        It protects you from negative energy.
   Will:      It increases your willpower.
Scrolls
 a - a scroll of acquirement {unknown}
Potions
 d - a potion of mutation {unknown}
 h - a potion of might {unknown}
 j - 2 potions of curing
 k - a potion of resistance {unknown}

Dungeon Overview and Level Annotations

Branches:
Dungeon (3/15)

Altars:
Yredelemnul

Annotations:
D:3 1 runed translucent door, qw's ghost, weakling MiHs


Message History

The sling bullet closely misses the iguana.
You shoot a sling bullet.
The sling bullet hits the iguana but does no damage.
A rat comes into view.
You shoot a sling bullet.
The sling bullet closely misses the iguana.
The sling bullet hits the rat.
You kill the rat!
You shoot a sling bullet.
The sling bullet hits the iguana but does no damage.
The iguana bites you.
You shoot a sling bullet. The sling bullet hits the iguana.
The iguana is lightly wounded.
The iguana bites you.
You shoot a sling bullet.
The sling bullet barely misses the iguana.
The sling bullet hits the rat.
You kill the rat!
The iguana misses you. The iguana closely misses you.
You shoot a sling bullet.
The sling bullet hits the iguana but does no damage.
The iguana is lightly wounded.
The iguana bites you but does no damage.
You shoot a sling bullet.
The sling bullet barely misses the iguana.
The iguana bites you!
You shoot a sling bullet.
The sling bullet closely misses the iguana.
The iguana barely misses you.
You shoot a sling bullet.
The sling bullet closely misses the iguana.
The iguana closely misses you.
The iguana bites you but does no damage.
You shoot a sling bullet. The sling bullet hits the iguana.
The iguana is lightly wounded.
The iguana bites you but does no damage.
You shoot a sling bullet. The sling bullet hits the iguana.
The iguana is moderately wounded.
The iguana bites you!
You die...

# ####~ ~~~ .~~
..######## #.#
....%.l@.#####.#
...#####.....#.##
#####....#####
###..)...#
#.####.... #..#
## #.........
..#####.#
........
#.....#.###
.......
..........###


You could see an iguana.

Vanquished Creatures
  3 dart slugs
  An orc (D:3)
  2 ball pythons
  5 endoplasms
  9 giant cockroaches
  5 goblins
  5 hobgoblins
  2 kobolds
  A quokka (D:2)
  2 bats
  3 rats
38 creatures vanquished.

Notes
Turn   | Place    | Note
-------+----------+-------------------------------------------
     0 | D:1      | qw the Gargoyle Hexslinger began the quest for the Orb.
     0 | D:1      | Reached XP level 1. HP: 12/12 MP: 2/2
     0 | D:1      | 0 ||| qw: Version: 0.3-a-52-g30416fa
     0 | D:1      | 0 ||| qw: Game counter: 7886
     0 | D:1      | 0 ||| qw: Melee chars always use a shield: true
     0 | D:1      | 0 ||| qw: God list: Okawaru
     0 | D:1      | 0 ||| qw: Allow faded altars: false
     0 | D:1      | 0 ||| qw: Do Orc after clearing Dungeon:15 true
     0 | D:1      | 0 ||| qw: Do second Lair branch before Depths: true
     0 | D:1      | 0 ||| qw: Lair rune preference: random
     0 | D:1      | 0 ||| qw: Goals: Normal
     0 | D:1      | 0 ||| PLANNING D:1-11
   132 | D:1      | Reached XP level 2. HP: 16/16 MP: 3/3
   285 | D:1      | Reached skill level 3 in Ranged Weapons
   793 | D:1      | 793 ||| UPGRADING to amulet of the acrobat.
   798 | D:1      | 798 ||| READING scroll labelled TAINYF VYFO.
   799 | D:1      | 799 ||| READING 2 scrolls labelled OQIANE KAFAUMU.
   800 | D:1      | 800 ||| DROPPING scroll of poison.
   801 | D:1      | 801 ||| DROPPING scroll of fog.
   850 | D:2      | Reached XP level 3. HP: 21/21 MP: 4/4
   920 | D:2      | Identified the ring of Wiwiv {rF++ rN+ Will+ Int-3 Dex+6}
  1335 | D:2      | 1335 ||| UPGRADING to +0 pair of gloves.
  1340 | D:2      | 1340 ||| UPGRADING to +0 leather armour.
  1350 | D:2      | 1350 ||| DROPPING +0 robe.
  1351 | D:2      | 1351 ||| UPGRADING to ring of Wiwiv {rF++ rN+ Will+ Int-3
                  | Dex+6}.
  1352 | D:2      | 1352 ||| READING scroll labelled KYIQOA QUWEFO REZU.
  1353 | D:2      | 1353 ||| READING scroll labelled LEFUCLIMIE.
  1354 | D:2      | 1354 ||| DRINKING 3 blue potions.
  1377 | D:3      | Found a basalt altar of Yredelemnul.
  1389 | D:3      | Found a runed translucent door.
  1391 | D:3      | Noticed qw's ghost (weakling MiHs)
  1449 | D:3      | HP: 1/21 [iguana (10)]
  1453 | D:3      | Slain by an iguana

Levels and vault maps discovered:
D:1:      dpeg_arrival_stone_temple_mockup, layout_basic, minmay_tetromino_s2
D:2:      minmay_evil_eye, layout_rooms, minivault_23
D:3:      cheibrodos_thug_alley, layout_rooms, mainiacjoe_overflow_boulevard,
          hellmonk_ghost_happy_afterlife

Skill      XL: |  1  2 |
---------------+-------+-----
Ranged Weapons | 3 |  3.7
Fighting       | 2 |  2.0
Dodging        | |  1.5
Spellcasting   | |  1.0
Hexes          | |  2.6

Action                     || total
---------------------------++-------
   Fire: Sling             ||   133
    Use: Scroll            ||     4
         Potion            ||     1
 Armour: Robe              ||    17
         Leather armour    ||     3
  Dodge: Dodged            ||    27

Table legend:
 A = Non-vault XP
 B = Vault XP
 C = Vault XP percentage of total XP
 D = Non-vault monster count
 E = Vault monster count
 F = Vault count percentage of total count
                 A         B        C        D         E       F
            +---------+---------+-------+---------+---------+-------
      Total |      68 |       7 |   9.3 |      33 |       5 |  13.2
            +---------+---------+-------+---------+---------+-------
        D:1 |      28 |       1 |   3.4 |      12 |       1 |   7.7
        D:2 |      27 |       6 |  18.2 |      14 |       4 |  22.2
        D:3 |      13 |       0 |   0.0 |       7 |       0 |   0.0
            +---------+---------+-------+---------+---------+-------
